Map: Eternal Empire LE

Players

LiquidClem (Clem)

  • Race: Terran Terran
  • League: Bronze
  • Spawn Location: 1:00

SpeCial - Winner!

  • Race: Terran Terran
  • League: Diamond
  • Spawn Location: 7:00

Event: DreamHack SC2 Masters 2020 Fall

VOD

Have the link to the VOD?

Description

Time

  • Played on: Sept. 17, 2020, 10:09 a.m.
  • Length: 15:24

All games in this series

Show
View Real Time Build Order
Export as new Build Order

LiquidClem Terran 

Build Orders: Reaper Expand 

Get SALT Encoding   

  12  0:00  SCV  
  13  0:12  SCV  
  14  0:17  Supply Depot  
  14  0:24  SCV  
  15  0:38  SCV  
  15  0:40  Barracks  
  16  0:43  Refinery  
  16  0:50  SCV  
  17  1:03  SCV  
  18  1:15  SCV  
  19  1:27  Reaper, Orbital Command  
  20  1:42  Command Center  
  20  1:53  SCV  
  21  1:54  Supply Depot  
  21  1:58  Marine  
  22  2:06  Factory  
  22  2:09  SCV  
  23  2:16  Refinery, Marine  
  23  2:21  SCV  
  25  2:27  Bunker  
  25  2:33  SCV  
  25  2:34  Marine  
  27  2:45  SCV  
  27  2:50  Hellion  
  30  2:52  Starport  
  30  3:01  Orbital Command  
  30  3:04  SCV  
  31  3:09  Barracks Reactor  
  31  3:11  Factory Tech Lab  
  31  3:16  SCV  
  31  3:26  SCV  
  31  3:28  SCV  
  32  3:34  Cyclone  
  32  3:38  SCV  
  32  3:40  SCV  
  37  3:41  Refinery  
  37  3:43  Supply Depot  
  37  3:44  Starport Tech Lab  
  37  3:45  Marine x2  
  39  3:50  SCV  
  39  3:52  SCV  
  39  4:02  Marine  
  39  4:03  SCV, Marine  
  39  4:09  SCV  
  41  4:11  Raven  
  41  4:16  SCV  
  44  4:20  Supply Depot, Marine, Siege Tank  
  44  4:21  Marine  
  44  4:22  SCV  
  48  4:28  SCV  
  49  4:34  SCV  
  49  4:38  Marine  
  50  4:39  Marine  
  50  4:40  SCV  
  50  4:45  Supply Depot  
  53  4:47  SCV  
  53  4:52  Command Center  
  54  4:54  Raven  
  56  5:00  Siege Tank  
  56  5:01  SCV  
  56  5:03  SCV  
  61  5:08  Supply Depot, Refinery  
  61  5:11  Marine x2  
  61  5:13  SCV  
  64  5:15  SCV  
  65  5:23  Supply Depot  
  65  5:25  SCV  
  65  5:27  SCV  
  67  5:32  Siege Tank  
  70  5:38  SCV  
  70  5:42  Supply Depot  
  71  5:43  Marine  
  71  5:45  SCV, Stimpack  
  71  5:47  Viking x2  
  76  5:51  SCV  
  76  5:55  Supply Depot  
  77  5:59  Barracks  
  77  6:00  Barracks  
  77  6:02  SCV  
  77  6:03  SCV  
  79  6:04  Marine  
  79  6:08  Siege Tank  
  83  6:14  SCV  
  83  6:17  Supply Depot  
  84  6:18  Viking x2  
  84  6:22  SCV  
  84  6:23  Marine  
  90  6:27  Orbital Command  
  90  6:28  SCV  
  91  6:34  SCV  
  92  6:40  SCV  
  92  6:41  Marine  
  92  6:44  Siege Tank  
  92  6:46  SCV  
  98  6:48  Barracks Reactor  
  98  6:52  SCV  
  98  6:53  Viking x2  
  104  6:57  Barracks Reactor  
  104  6:58  Marine  
  104  7:01  Engineering Bay  
  104  7:02  SCV, Engineering Bay  
  104  7:04  SCV  
  107  7:08  SCV  
  107  7:09  Supply Depot  
  107  7:14  SCV  
  108  7:16  SCV, Marine  
  108  7:17  Supply Depot  
  108  7:20  SCV  
  111  7:24  Supply Depot  
  111  7:31  Combat Shield, Barracks Tech Lab  
  111  7:33  Command Center, Marine x2  
  111  7:35  SCV x2  
  115  7:38  Terran Infantry Weapons Level 1  
  115  7:39  Terran Infantry Armor Level 1  
  115  7:41  SCV  
  116  7:46  Marine, Siege Tank  
  116  7:47  SCV  
  116  7:48  SCV  
  122  7:55  SCV, Barracks  
  122  7:56  Refinery, Marine, Barracks  
  122  7:58  Marine  
  125  8:02  SCV  
  125  8:05  SCV, Marauder  
  129  8:10  Armory, Refinery  
  129  8:11  Supply Depot  
  131  8:12  Marauder  
  131  8:14  SCV  
  131  8:16  Marine x2  
  131  8:18  SCV  
  135  8:25  Medivac  
  135  8:26  Medivac, Marauder, Siege Tank  
  144  8:32  SCV x2  
  145  8:34  SCV, Marauder  
  139  8:43  Marine x2  
  139  8:44  SCV  
  139  8:47  Marauder  
  143  8:55  SCV, Marauder  
  145  8:57  Barracks Reactor, Barracks Tech Lab  
  145  8:58  SCV  
  145  9:00  Medivac x2  
  150  9:03  Supply Depot  
  150  9:04  Orbital Command  
  150  9:05  SCV  
  150  9:07  Marine  
  150  9:08  SCV  
  150  9:09  Marauder  
  152  9:10  SCV  
  152  9:14  Unknown  
  152  9:17  Marauder  
  154  9:18  SCV  
  154  9:20  SCV  
  154  9:21  Siege Tank  
  154  9:23  SCV, Supply Depot  
  160  9:27  Marauder, Marine x2  
  160  9:30  Marauder  
  160  9:31  SCV  
  165  9:34  SCV, Supply Depot  
  165  9:37  Medivac, Marine x2  
  165  9:38  Medivac, Marauder  
  172  9:39  SCV  
  175  9:47  SCV, Supply Depot  
  175  9:48  SCV x2, Marauder  
  175  9:51  Marauder  
  182  9:59  Marauder  
  168  10:01  Marine x2  
  168  10:02  Marine x2  
  168  10:04  SCV x2  
  156  10:07  SCV x2, Medivac, Siege Tank  
  156  10:09  Marauder  
  156  10:10  Medivac  
  156  10:13  Marauder  
  169  10:16  SCV, Terran Infantry Weapons Level 2  
  169  10:18  Terran Infantry Armor Level 2  
  169  10:19  Command Center, Marine  
  169  10:21  Marauder, Marine x2  
  173  10:27  Marine  
  176  10:28  SCV  
  176  10:31  Marauder  
  176  10:34  Marauder  
  179  10:37  Supply Depot  
  179  10:39  Supply Depot, Siege Tank  
  179  10:40  Marine  
  179  10:42  Marauder, Marine  
  183  10:51  Medivac x2  
  183  10:52  Marauder, Marine x2  
  183  10:56  Marauder  
  193  10:58  Barracks x3  
  193  11:04  Marauder  
  191  11:10  Marine x2  
  149  11:14  Marauder  
  149  11:15  Marine  
  149  11:17  SCV x2, Marauder, Marine  
  149  11:18  SCV x2  
  137  11:24  Marine  
  121  11:28  Siege Tank  
  121  11:29  SCV, Marine x2  
  121  11:30  SCV  
  121  11:31  Liberator x2  
  130  11:33  Marine  
  130  11:34  Marine  
  130  11:35  Marauder  
  130  11:36  SCV x2  
  130  11:38  Marauder  
  138  11:44  Sensor Tower  
  138  11:45  SCV x2  
  138  11:46  Barracks Tech Lab x2  
  140  11:47  Marine x2  
  140  11:50  Marauder  
  140  11:52  Marine  
  140  11:53  Marine  
  146  11:54  SCV  
  146  11:55  SCV  
  146  11:56  Marauder  
  146  11:59  Barracks Tech Lab  
  146  12:00  Planetary Fortress  
  150  12:02  SCV  
  152  12:08  Marauder  
  152  12:11  SCV  
  152  12:13  Marauder  
  152  12:14  Concussive Shells  
  152  12:15  Marauder  
  152  12:17  SCV, Marauder  
  152  12:19  SCV  
  152  12:22  Marine x3  
  152  12:23  Marauder  
  152  12:28  Marauder, Siege Tank  
  159  12:31  SCV x2  
  159  12:32  SCV  
  159  12:33  SCV  
  159  12:37  Marauder, Marine  
  165  12:43  SCV, Marauder  
  169  12:44  Missile Turret  
  169  12:45  Marauder, Marine  
  169  12:47  Marine x2  
  169  12:48  SCV  
  176  12:51  SCV  
  176  12:55  Marauder  
  178  13:03  Siege Tank  
  181  13:06  Marauder  
  181  13:11  Marauder, Marine x2  
  181  13:12  SCV  
  186  13:14  Marauder, Marine  
  186  13:16  Marauder  
  186  13:18  Marine x2  
  177  13:20  Marauder  
  177  13:22  Viking x2  
  183  13:34  Starport  
  183  13:35  Marine  
  183  13:36  Marine x2, Starport  
  183  13:37  Marauder x2  
  183  13:38  Marauder  
  183  13:39  Marauder  
  183  13:40  Siege Tank  
  196  13:43  Marine  
  197  13:52  Marauder  
  197  13:55  Marauder  
  169  13:56  Marine x2  
  169  13:59  Marauder  
  169  14:01  Medivac, Marine  
  169  14:02  Marauder  
  144  14:04  Marine  
  144  14:05  Marauder, Marine  
  144  14:07  Viking  
  138  14:13  Viking x2, Marine, Siege Tank  
  138  14:14  Marine  
  146  14:17  Marauder  
  146  14:21  Marauder  
  146  14:23  Marauder  
  150  14:27  Marauder x2, Marine x3  
  156  14:33  Marauder  
  159  14:38  Marauder  
  159  14:41  Viking  
  159  14:42  Marauder  
  159  14:45  Siege Tank  
  158  14:46  Marine x2  
  158  14:47  Marauder  
  158  14:48  Marauder  
  158  14:49  Marine x2  
  163  14:53  Viking  
  163  14:55  Marauder, Marine  
  164  15:02  Marauder  
Show
View Real Time Build Order
Export as new Build Order

SpeCial Terran - Winner!

Build Orders: Mech 

Get SALT Encoding   

  12  0:00  SCV  
  13  0:12  SCV  
  14  0:17  Supply Depot  
  14  0:24  SCV  
  15  0:39  SCV  
  15  0:40  Barracks  
  16  0:44  Refinery  
  16  0:51  SCV  
  16  0:53  Refinery  
  17  1:03  SCV  
  18  1:15  SCV  
  19  1:28  Reaper, Orbital Command  
  19  1:29  Supply Depot  
  20  1:42  Factory  
  20  1:53  SCV  
  21  2:00  Reaper  
  22  2:05  SCV  
  23  2:18  SCV  
  23  2:22  Command Center  
  24  2:27  Hellion  
  26  2:31  SCV  
  26  2:33  Reaper  
  28  2:42  Supply Depot  
  28  2:43  SCV  
  29  2:49  Widow Mine  
  31  2:53  Starport  
  31  3:03  SCV  
  32  3:10  Barracks Tech Lab  
  32  3:12  Factory Tech Lab  
  32  3:15  SCV  
  31  3:28  SCV  
  31  3:33  Cyclone  
  34  3:36  Orbital Command  
  34  3:40  SCV, Refinery  
  35  3:44  Raven  
  37  3:53  SCV  
  38  4:05  SCV  
  38  4:07  Command Center  
  37  4:10  Cyclone  
  37  4:12  SCV  
  37  4:14  Barracks Reactor  
  41  4:18  SCV  
  41  4:21  Refinery  
  42  4:25  SCV  
  42  4:30  SCV  
  42  4:37  SCV, Raven  
  45  4:40  Supply Depot  
  45  4:43  SCV  
  46  4:49  SCV  
  46  4:51  Marine x2, Siege Tank  
  52  4:55  SCV  
  53  5:01  SCV  
  54  5:07  SCV  
  54  5:08  Supply Depot  
  54  5:09  Marine x2  
  54  5:13  SCV  
  58  5:19  SCV, Raven  
  58  5:20  Orbital Command  
  61  5:25  SCV, Siege Tank  
  61  5:27  Marine x2  
  67  5:31  SCV  
  68  5:37  SCV  
  69  5:43  SCV  
  69  5:45  Marine x2  
  69  5:46  SCV  
  69  5:49  SCV  
  74  5:55  SCV  
  74  5:56  Engineering Bay  
  75  5:57  Siege Tank  
  75  5:58  SCV  
  75  6:01  SCV  
  80  6:07  SCV  
  80  6:10  SCV, Refinery  
  82  6:12  Viking  
  82  6:13  Barracks Reactor, Factory  
  82  6:14  SCV  
  82  6:16  Viking, Factory  
  82  6:17  Supply Depot x2  
  87  6:19  SCV  
  87  6:22  SCV  
  89  6:26  SCV, Missile Turret  
  89  6:31  SCV  
  90  6:34  SCV  
  91  6:40  SCV  
  91  6:43  Viking  
  91  6:44  SCV  
  91  6:46  SCV, Viking, Missile Turret  
  98  6:50  Siege Tank  
  98  6:54  SCV  
  102  6:56  SCV  
  102  6:57  Siege Tank  
  102  6:59  SCV  
  106  7:03  Supply Depot  
  106  7:05  Sensor Tower  
  106  7:06  SCV, Refinery  
  107  7:13  Armory, SCV  
  107  7:14  Armory  
  107  7:16  Hellion  
  107  7:20  Supply Depot  
  109  7:24  SCV  
  109  7:25  Hellion, Supply Depot  
  109  7:27  Viking x2  
  116  7:31  SCV  
  117  7:41  SCV  
  117  7:42  SCV  
  117  7:43  Supply Depot  
  119  7:45  Hellion  
  119  7:46  Hellion  
  119  7:50  Siege Tank x2  
  129  7:51  Supply Depot  
  129  7:57  Factory x2  
  129  8:03  SCV x2  
  131  8:08  Terran Vehicle Weapons Level 1  
  131  8:09  Terran Vehicle And Ship Armor Level 1  
  128  8:15  Hellion x2  
  128  8:17  Missile Turret  
  132  8:20  Missile Turret  
  132  8:22  Missile Turret  
  132  8:25  Siege Tank x2  
  132  8:26  SCV  
  139  8:31  Viking x2  
  143  8:36  Hellion x2  
  147  8:46  Command Center  
  147  8:49  Factory Tech Lab  
  147  8:57  Hellion  
  147  9:00  Supply Depot  
  147  9:01  Supply Depot  
  149  9:03  Viking, Hellion  
  149  9:06  Infernal Pre-Igniter  
  156  9:11  Factory Reactor  
  156  9:14  Siege Tank  
  156  9:16  Siege Tank  
  155  9:22  Siege Tank  
  155  9:33  Hellion x2  
  155  9:36  Medivac x2  
  163  9:43  Missile Turret  
  163  9:46  Siege Tank  
  163  9:47  SCV x3  
  163  9:48  Siege Tank  
  167  9:54  Hellion x2, Siege Tank  
  167  9:59  SCV  
  154  10:10  Hellion x2  
  158  10:15  Hellion  
  158  10:16  Hellion  
  158  10:18  Terran Vehicle Weapons Level 2, Siege Tank  
  158  10:20  Terran Vehicle And Ship Armor Level 2, Siege Tank  
  168  10:31  Hellion x2  
  168  10:34  Liberator  
  173  10:37  Hellion x2  
  173  10:39  SCV x2  
  173  10:42  Hellion  
  181  10:46  Planetary Fortress  
  180  10:50  Siege Tank  
  183  10:58  Unknown  
  184  11:04  Siege Tank  
  184  11:07  Hellion x2  
  144  11:12  Hellion x2, Siege Tank  
  144  11:15  SCV x2  
  144  11:16  Viking  
  144  11:17  Viking  
  133  11:25  Hellion  
  133  11:28  Hellion x2  
  133  11:30  Hellion  
  133  11:32  Sensor Tower  
  137  11:33  Hellion  
  137  11:36  Siege Tank  
  137  11:37  Hellion  
  137  11:38  SCV x2  
  146  11:40  Command Center  
  146  11:44  Siege Tank  
  146  11:45  Factory  
  149  11:47  Factory  
  149  11:49  Viking  
  149  11:52  Viking  
  153  11:56  Hellion x3, Siege Tank  
  153  11:59  Hellion  
  164  12:05  Supply Depot  
  167  12:08  Siege Tank  
  167  12:17  Hellion x2  
  167  12:19  Viking  
  167  12:22  Viking, Hellion x3  
  170  12:28  Siege Tank  
  173  12:32  Factory Tech Lab x2  
  171  12:39  Hellion, Missile Turret  
  171  12:40  Siege Tank x2  
  171  12:41  Supply Depot, Sensor Tower  
  171  12:43  Hellion  
  179  12:55  Siege Tank x2  
  179  12:57  Hellion  
  187  13:00  Siege Tank  
  187  13:03  Hellion x2  
  187  13:05  Planetary Fortress  
  189  13:19  Hellion x2  
  181  13:22  Hellion x2  
  181  13:25  Hellion  
  187  13:27  Siege Tank x2  
  187  13:32  Hellion  
  187  13:33  Hellion  
  197  13:43  Siege Tank  
  198  13:51  Hellion  
  198  13:54  Hellion x2  
  174  13:56  Hellion x2  
  174  14:00  Hellion  
  165  14:03  Hellion x2  
  165  14:08  Liberator x2  
  167  14:14  Hellion  
  167  14:15  Hellion x2, Siege Tank  
  176  14:17  Hellion  
  176  14:20  Siege Tank  
  181  14:27  Refinery  
  181  14:36  Hellion x2  
  173  14:49  Siege Tank x2  
  173  14:51  Hellion  
  174  14:53  Viking x2  
  174  14:56  Hellion x2  
  178  15:01  Hellion  

Tags
 
Add a new tag
Caveats
  • Supply blocks, unpowered buildings, or Contaminate may cause inaccurate times.
  • Supply counts are checked every 10 seconds.